 Dungeon Crawl Stone Soup version 0.31-a0-636-ge1c0e020e0 (webtiles) character file.

Game seed: 3890945994190668504

23031 thirtiethelement the Carver (level 12, -9/95 HPs)
             Began as a Demonspawn Hunter on Aug 26, 2023.
             Was an Elder of Trog.
             Mangled by an ettin
             ... wielding a +0 dire flail
              (11 damage)
             ... on level 2 of the Orcish Mines.
             The game lasted 00:37:05 (12379 turns).

thirtiethelement the Carver (Demonspawn Hunter)    Turns: 12379, Time: 00:37:06

Health: -9/95      AC: 18    Str: 12    XL:     12   Next: 68%
Magic:  0/12       EV: 12    Int: 11    God:    Trog [****..]
Gold:   1190       SH:  0    Dex: 27    Spells: 11/11 levels left

rFire   + . .        J - +2 great sword (flame)
rCold   . . .        (shield currently unavailable)
rNeg    . . .        I - +4 plate armour {rF+}
rPois   .            (helmet restricted)
rElec   .            (no cloak)
rCorr   .            (no gloves)
SInv    .            A - +0 pair of boots
Will    .....        (no amulet)
Stlth   x              - +6 ring of dexterity
HPRegen 0.35/turn    n - +5 ring of evasion
MPRegen 0.26/turn

%: guardian spirit
@: no status effects
A: antennae 2, demonic guardian 3, magic shield, magic regeneration, demonic
touch 1
a: Renounce Religion, Berserk, Trog's Hand, Brothers in Arms


You were on level 2 of the Orcish Mines.
You worshipped Trog.
Trog was greatly pleased with you.
You visited 3 branches of the dungeon, and saw 13 of its levels.
You also visited: Volcano.

You collected 1330 gold pieces.
You spent 140 gold pieces at shops.

Inventory:

Hand Weapons
 a - a +2 scimitar of flaming
 b - a +3 long sword of protection
 u - a +0 shortbow
 J - a +2 great sword of flaming (weapon)
Missiles
 C - 8 poisoned darts (quivered)
Armour
 k - a +2 ring mail of willpower
 A - a +0 pair of boots (worn)
 I - a +4 plate armour of fire resistance (worn)
Jewellery
 n - a +5 ring of evasion (right hand)
 r - a ring of see invisible
 x - a +6 ring of dexterity (left hand)
 B - the ring of Winiysch {Fire Will- Int+3 Dex+5}
   (You found it on level 7 of the Dungeon)

   [ring of fire]

   Fire:      It enhances your fire magic.
   Int+3:     It affects your intelligence (+3).
   Dex+5:     It affects your dexterity (+5).
   rF+:       It protects you from fire.
   rC-:       It makes you vulnerable to cold.
   Will-:     It decreases your willpower.
 H - a ring of flight
Talismans
 h - a flux talisman
 F - a storm talisman
Wands
 q - a wand of quicksilver (7)
 s - a wand of roots (14)
 y - a wand of mindburst (12)
 L - a wand of flame (12)
Scrolls
 c - a scroll of teleportation
 d - a scroll of amnesia
 f - a scroll of revelation
 j - a scroll of silence
 D - 2 scrolls of blinking {unknown}
 E - 2 scrolls of identify
 K - a scroll of fog {unknown}
Potions
 e - 2 potions of haste
 i - 2 potions of enlightenment
 l - 5 potions of curing
 m - 5 potions of ambrosia
 o - a potion of mutation {unknown}
 p - 3 potions of heal wounds
 t - 2 potions of attraction
 v - 3 potions of might
 w - 3 potions of lignification
 z - a potion of brilliance
 G - 4 potions of invisibility {unknown}


   Skills:
 + Level 9.1 Fighting
 + Level 2.9(8.8) Short Blades
 + Level 12.8(12.9) Long Blades
 + Level 4.6 Ranged Weapons
 + Level 2.7 Throwing
 + Level 7.7 Armour
 + Level 7.0 Dodging
 + Level 5.9 Stealth


You had 11 spell levels left.
You didn't know any spells.
Your spell library contained the following spells:

 Spells                   Type           Power      Damage    Failure   Level
 Sandblast                Erth           0%         2d4       100%        1
 Passwall                 Tmut/Erth      0%         N/A       100%        2
 Dazzling Flash           Conj/Hex       0%         N/A       100%        3
 Gell's Gravitas          Tloc           0%         N/A       100%        3
 Stone Arrow              Conj/Erth      0%         3d7       100%        3
 Teleport Other           Tloc           0%         N/A       100%        3
 Volatile Blastmotes      Fire/Tloc      0%         2d10      100%        3
 Animate Armour           Summ/Erth      0%         N/A       100%        4
 Conjure Ball Lightning   Conj/Air       0%         3x3d6     100%        6
 Dispersal                Tloc           0%         N/A       100%        6
 Starburst                Conj/Fire      0%         6d3       100%        6
 Discord                  Hex            0%         N/A       100%        8
 Disjunction              Tloc           0%         N/A       100%        8
 Lehudib's Crystal Spear  Conj/Erth      0%         10d2      100%        8
 Maxwell's Capacitive Co  Air            0%         ∞         100%        8


Dungeon Overview and Level Annotations

Branches:
Dungeon (10/15)            Temple (1/1) D:7            Lair (0/5) D:9
    Orc (2/2) D:10        Volcano (visited)
    Elf: Orc:2

Altars:
Ashenzari
Cheibriados
Dithmenos
Fedhas
Gozag
Hepliaklqana
Kikubaaqudgha
Makhleb
Nemelex Xobeh
Okawaru
Qazlal
Ru
Sif Muna
Trog
Uskayaw
Vehumet
Wu Jian
Xom
Yredelemnul

Shops:
D:6 !   Orc:2 *:([

Portals:
Abyss: Orc:2

Annotations:
D:6 3 runed translucent doors, Age's ghost, novice MiFi


Innate Abilities, Weirdness & Mutations

You have a pair of antennae on your head.
A powerful demonic guardian rushes to your aid.
When hurt, damage is shared between your health and your magic reserves.
You regenerate magic rapidly.
Your touch may inflict minor irresistible damage on your foes.


Message History

You slice the orc priest!! You burn the orc priest.
You kill the orc priest!
Trog accepts your kill. The orc hits you but does no damage.
You barely miss the orc.
The orc wizard gestures at you while chanting.
The puff of flame hits you but does no damage.
The orc hits you but does no damage.
You barely miss the orc. The orc hits you but does no damage.
You slash the orc! You burn the orc.
You kill the orc!
Trog accepts your kill.
You slash the warg! You burn the warg.
The warg is heavily wounded.
The warg barely misses you. The warg bites you.
You slash the warg! You burn the warg.
The warg is almost dead.
The warg barely misses you.
You slice the warg!! You burn the warg.
You kill the warg!
Trog accepts your kill.
You slice the ettin!! You burn the ettin!
The ettin is heavily wounded.
The ettin hits you with a +0 dire flail!
The ettin misses you.
The orc knight hits you from afar with a +0 bardiche.
You hit the ettin but do no damage.
The ettin is heavily wounded.
The ettin hits you with a +0 dire flail!!!
* * * LOW HITPOINT WARNING * * *
A demonic guardian appears!
The ettin hits you with a +0 dire flail.
* * * LOW HITPOINT WARNING * * *
The orc knight roars a battlecry!
The orc wizard goes into a battle-frenzy!
The orc knight hits you from afar with a +0 bardiche!
* * * LOW HITPOINT WARNING * * *
The ettin barely misses you.
The ettin hits you with a +0 dire flail!
You die...

..... ..P.... o.C<.#### .......
.o...#.##....... ((....#........
..#(............ #......).......
#o)......#.# # ###C))).......
#.##.@)))........
#.......).........
##.#3.............
#..#........∩..... #
#......)..........
#.##........).....P. ###
#............8..... ##.##
#....................#.
##...#######.............#.......


You could see an orc knight, an ettin (ally target) and a friendly sixfirhy
(summoned).

Vanquished Creatures
  An orc warlord (Orc:2)
  Erica (D:9)
  2 two-headed ogres (D:10)
  A wizard (Volcano)
  3 orc knights (Orc:2)
  2 deep elf pyromancers (Volcano)
  3 orc sorcerers (Orc:2)
  A manticore (D:9)
  3 cyclopes (Volcano)
  2 salamanders (Volcano)
  A gargoyle (Volcano)
  Jeremiah (D:8)
  3 molten gargoyles (Volcano)
  A kobold demonologist (D:9)
  5 trolls
  Prince Ribbit (D:8)
  2 hornets
  A vampire (D:10)
  3 fire bats (Orc:2)
  12 yaks
  A steam dragon (D:10)
  An acid dragon (D:10)
  3 water moccasins
  Edmund (D:5)
  2 wargs (Orc:2)
  A sky beast (D:6)
  12 ogres
  19 orc warriors
  2 black bears
  2 centaurs (D:9)
  A phantom (D:7)
  3 kobold brigands (D:9)
  3 bullfrogs
  A gnoll sergeant (D:9)
  2 scorpions
  5 wights (D:9)
  5 killer bees
  4 howler monkeys
  A jelly (D:6)
  6 hounds
  13 orc priests
  4 iguanas
  Ijyb (D:3)
  10 orc wizards
  8 adders
  3 gnolls (D:9)
  3 shadow imps
  7 white imps
  An ufetubus (D:4)
  A worm (D:5)
  4 dart slugs
  54 orcs
  8 endoplasms
  5 giant cockroaches
  3 goblins
  5 hobgoblins
  3 quokkas
  6 ball pythons
  4 bats
  4 frilled lizards
  13 kobolds
  5 rats
  2 butterflies (D:7)
  A lurking horror (Orc:2)
292 creatures vanquished.

Vanquished Creatures (collateral kills)
  An orc knight (Orc:2)
  A salamander (Volcano)
  A cyclops (Volcano)
  An orc sorcerer (Orc:2)
  2 trolls (Orc:2)
  A water moccasin (D:5)
  An orc warrior (Orc:2)
  A white imp (D:5)
  2 orcs (Orc:2)
11 creatures vanquished.

Vanquished Creatures (others)
  An orc (D:8)
  A lurking horror (Orc:2)
2 creatures vanquished.

Grand Total: 305 creatures vanquished

Notes
Turn   | Place    | Note
-------+----------+-------------------------------------------
     0 | D:1      | thirtiethelement the Demonspawn Hunter began the quest for
                  | the Orb.
     0 | D:1      | Reached XP level 1. HP: 16/16 MP: 1/1
   163 | D:1      | Discovered your monstrous ancestry.
   163 | D:1      | Gained mutation: Your touch may inflict minor irresistible
                  | damage on your foes. [demonic ancestry]
   163 | D:1      | Reached XP level 2. HP: 22/22 MP: 2/2
  1019 | D:2      | Reached skill level 1 in Stealth
  1019 | D:2      | Gained mutation: A weak demonic guardian rushes to your
                  | aid. [demonic ancestry]
  1019 | D:2      | Reached XP level 3. HP: 20/27 MP: 3/3
  1972 | D:2      | Reached skill level 1 in Armour
  1972 | D:2      | Gained mutation: A demonic guardian rushes to your aid.
                  | [demonic ancestry]
  1972 | D:2      | Reached XP level 4. HP: 33/33 MP: 4/4
  2165 | D:3      | Found a faded altar of an unknown god.
  2326 | D:3      | Noticed Ijyb
  2343 | D:3      | Killed Ijyb
  2507 | D:3      | Reached skill level 1 in Short Blades
  2579 | D:3      | You fall into a shaft and drop 1 floor!
  2582 | D:4      | Noticed an ogre
  2642 | D:4      | Killed an ogre
  2643 | D:4      | Gained mutation: You have a pair of small antennae on your
                  | head. [demonic ancestry]
  2643 | D:4      | Reached XP level 5. HP: 7/39 MP: 5/5
  2983 | D:4      | Reached XP level 6. HP: 41/46 MP: 6/6
  3486 | D:4      | Found a blossoming altar of Fedhas.
  3893 | D:5      | Entered Level 5 of the Dungeon
  3952 | D:5      | Noticed a water moccasin
  3967 | D:5      | Killed a water moccasin
  3968 | D:5      | Reached skill level 1 in Long Blades
  3968 | D:5      | Gained mutation: You regenerate magic rapidly. [demonic
                  | ancestry]
  3968 | D:5      | Reached XP level 7. HP: 19/52 MP: 7/7
  3976 | D:5      | HP: 2/52 [poisoned by a water moccasin]
  4175 | D:5      | Reached skill level 2 in Long Blades
  4505 | D:5      | Reached skill level 3 in Long Blades
  4894 | D:5      | Noticed Edmund
  4908 | D:5      | Killed Edmund
  4909 | D:5      | Gained mutation: You have a pair of antennae on your head.
                  | [demonic ancestry]
  4909 | D:5      | Reached XP level 8. HP: 17/58 MP: 8/8
  5105 | D:6      | Found Bahosit's Distillery.
  5117 | D:6      | Bought a potion of lignification for 42 gold pieces
  5117 | D:6      | Bought a potion of brilliance for 56 gold pieces
  5117 | D:6      | Bought a potion of attraction for 42 gold pieces
  5144 | D:6      | Reached skill level 4 in Long Blades
  5186 | D:6      | Found a runed translucent gate.
  5186 | D:6      | Found a runed translucent gate.
  5186 | D:6      | Found a runed translucent gate.
  5379 | D:6      | Reached skill level 5 in Long Blades
  5441 | D:6      | Found an ornate altar of the Wu Jian Council.
  5782 | D:6      | Noticed Age's ghost (novice MiFi)
  6015 | D:7      | Identified the ring of Winiysch {Fire Will- Int+3 Dex+5}
  6032 | D:7      | Found a staircase to the Ecumenical Temple.
  6060 | Temple   | Entered the Ecumenical Temple
  6085 | Temple   | Became a worshipper of Trog the Wrathful
  6135 | D:7      | Reached XP level 9. HP: 65/65 MP: 9/9
  6168 | D:7      | Found a hazy altar of Hepliaklqana.
  6344 | D:7      | Found a shimmering altar of Xom.
  6733 | D:8      | Paralysed by a hornet for 2 turns
  6743 | D:8      | Reached skill level 6 in Long Blades
  6743 | D:8      | Reached skill level 5 in Armour
  6844 | D:8      | Noticed Prince Ribbit
  7003 | D:8      | Reached skill level 5 in Stealth
  7196 | D:8      | Killed Prince Ribbit
  7196 | D:8      | Reached * piety under Trog
  7197 | D:8      | Reached skill level 7 in Long Blades
  7325 | D:8      | Noticed Jeremiah
  7374 | D:8      | Killed Jeremiah
  7375 | D:8      | Reached skill level 5 in Fighting
  7375 | D:8      | Reached skill level 5 in Dodging
  7375 | D:8      | Reached XP level 10. HP: 43/72 MP: 10/10
  7804 | D:9      | Noticed Erica
  7832 | D:9      | Killed Erica
  7833 | D:9      | Reached skill level 8 in Long Blades
  7988 | D:9      | Noticed a manticore
  8063 | D:9      | Killed a manticore
  8200 | D:9      | Found a burning altar of Makhleb.
  8430 | D:9      | Found a radiant altar of Vehumet.
  8598 | D:9      | Reached ** piety under Trog
  8749 | D:9      | Reached skill level 9 in Long Blades
  8872 | D:9      | Found a sacrificial altar of Ru.
  8887 | D:9      | Found a staircase to the Lair.
  8991 | D:10     | Entered Level 10 of the Dungeon
  8992 | D:10     | Noticed a two-headed ogre
  9006 | D:10     | Killed a two-headed ogre
  9007 | D:10     | Gained mutation: When hurt, damage is shared between your
                  | health and your magic reserves. [demonic ancestry]
  9007 | D:10     | Reached XP level 11. HP: 67/83 MP: 11/11
  9186 | D:10     | Found a staircase to the Orcish Mines.
  9300 | D:10     | Noticed a two-headed ogre
  9310 | D:10     | Killed a two-headed ogre
  9311 | D:10     | Reached skill level 10 in Long Blades
  9348 | D:10     | Found a hide-covered altar of Uskayaw.
  9516 | D:10     | Found a stormy altar of Qazlal.
  9518 | D:10     | Found a broken altar of Ashenzari.
  9520 | D:10     | Found a sparkling altar of Nemelex Xobeh.
  9603 | Orc:1    | Entered Level 1 of the Orcish Mines
 10216 | Orc:2    | Entered Level 2 of the Orcish Mines
 10216 | Orc:2    | Noticed an orc sorcerer
 10216 | Orc:2    | Found Radegi's Antique Armour Shoppe.
 10218 | Orc:2    | Noticed an orc warlord
 10237 | Orc:2    | Reached *** piety under Trog
 10255 | Orc:2    | Reached skill level 1 in Throwing
 10304 | Orc:2    | Found a dark tunnel.
 10443 | Volcano  | Entered a volcano
 10655 | Volcano  | Reached skill level 11 in Long Blades
 10995 | Volcano  | Noticed a deep elf pyromancer
 11010 | Volcano  | Killed a deep elf pyromancer
 11057 | Volcano  | Noticed a wizard
 11058 | Volcano  | Noticed an orb of fire
 11061 | Volcano  | Gained mutation: A powerful demonic guardian rushes to your
                  | aid. [demonic ancestry]
 11061 | Volcano  | Reached XP level 12. HP: 92/92 MP: 12/12
 11176 | Volcano  | Noticed an orb of fire
 11605 | Orc:2    | Reached **** piety under Trog
 11621 | Orc:2    | Found Sinn's General Store.
 11628 | Orc:2    | Noticed an ettin
 11632 | Orc:2    | Found a one-way gate to the infinite horrors of the Abyss.
 11643 | Orc:2    | Reached skill level 12 in Long Blades
 11905 | Orc:2    | Killed an orc warlord
 12204 | Orc:2    | Found Vihaofod's Book Shoppe.
 12261 | Orc:2    | Found Nofyduzol's Antique Weapon Shoppe.
 12261 | Orc:2    | Paralysed by an orc sorcerer for 5 turns
 12379 | Orc:2    | HP: 2/95 [orc knight/+0 bardiche (5)]
 12379 | Orc:2    | Mangled by an ettin

Illustrated notes

Levels and vault maps discovered:
D:1:      dpeg_arrival_windows_large_door, layout_basic,
          nicolae_concentric_dashed_squares_wild, dreamdust_princess_bridge
D:2:      layout_basic
D:3:      layout_basic, basic_ecumenical_altar, grunt_decor_arrowhead,
          solitary_fountain, uniq_ijyb
D:4:      layout_cave_pods, mainiacjoe_overflow_six_doors_small, fedhas_altar_4
D:5:      layout_loops_ring, uniq_edmund
D:6:      layout_basic, mainiacjoe_overflow_24_doors, gammafunk_ghost_icy,
          nicolae_stop_n_shop_2
D:7:      layout_gridville, overflow_temple_1_default,
          mainiacjoe_overflow_alcove_4, minmay_temple_entry_butterflies
D:8:      layout_cave_pools, mainiacjoe_overflow_alcove_2, uniq_prince_ribbit1,
          uniq_jeremiah
D:9:      layout_roguey, lightli_temple_of_fire, hangedman_ru_absence,
          amcnicky_altar_gilded, lair_entry_dummy, dreamdust_wishing_well,
          uniq_erica
D:10:     layout_rooms, mainiacjoe_overflow_catch_the_wave,
          grunt_temple_overflow_open, orc_0_dummy, solitary_fountain,
          amcnicky_mini_rare_corridor_liquid
Temple:   nicolae_temple_bog_church
Orc:1:    layout_diamond_mine
Orc:2:    grunt_orc_gardens, layout_diamond_mine, grunt_orc_garden,
          grunt_orc_garden, grunt_orc_garden, grunt_orc_garden,
          nicolae_volcano_entry_batcave, amcnicky_altar_lugonu_corruption

Skill      XL: |  1  2  3  4  5  6  7  8  9 10 11 12 |
---------------+-------------------------------------+-----
Ranged Weapons | 4 |  4.6
Stealth        | 1 2 3 5 |  5.9
Armour         | 1 2 3 4 5 6 7 |  7.7
Dodging        | 2 3 5 6 7 |  7.0
Short Blades   | 1 2 |  2.9
Fighting       | 3 4 5 6 8 9 |  9.1
Long Blades    | 1 3 5 7 9 11 12 | 12.8
Throwing       | 1 2 |  2.7

Action                     |  1- 3 |  4- 6 |  7- 9 | 10-12 || total
---------------------------+-------+-------+-------+-------++-------
  Melee: Dagger            |    19 |       |       |       ||    19
         Short sword       |    38 |    81 |       |       ||   119
         Touch             |     8 |    15 |    54 |    53 ||   130
         Punch             |     1 |     4 |     1 |     5 ||    11
         Long sword        |       |    28 |   230 |    24 ||   282
         Scimitar          |       |       |       |   287 ||   287
         Great sword       |       |       |       |   122 ||   122
   Fire: Shortbow          |    27 |       |       |       ||    27
  Throw: Dart              |       |       |       |    27 ||    27
 Invoke: Berserk           |       |       |       |     4 ||     4
         Trog's Hand       |       |       |       |     3 ||     3
    Use: Potion            |       |     4 |     3 |     2 ||     9
         Scroll            |       |     6 |     4 |     4 ||    14
   Stab: Sleeping          |     4 |     1 |    10 |     4 ||    19
         Distracted        |       |       |     2 |       ||     2
 Armour: Leather armour    |    13 |       |       |       ||    13
         Ring mail         |    10 |    52 |    99 |    72 ||   233
         Plate armour      |       |       |       |    60 ||    60
  Dodge: Dodged            |    35 |    80 |   230 |   329 ||   674

Table legend: (Time is in decaauts)
 A = Elapsed time spent in this place.
 B = Non-inter-level travel time spent in this place.
 C = Inter-level travel time spent in this place.
 D = Time resting spent in this place.
 E = Time spent auto-exploring this place.
 F = Levels seen in this place.
 G = Mean time per level.
                   A        B        C        D        E       F      G
               +--------+--------+--------+--------+--------+-----+--------+
         Total |  12442 |  12129 |    313 |   1808 |   7567 |  14 |  888.7 |
       Dungeon |   9601 |   9323 |    278 |    600 |   6962 |  10 |  960.1 |
        Temple |     53 |     28 |     25 |      0 |      0 |   1 |   53.0 |
  Orcish Mines |   1785 |   1775 |     10 |    651 |    605 |   2 |  892.5 |
       Volcano |   1002 |   1002 |      0 |    557 |      0 |   1 | 1002.0 |
               +--------+--------+--------+--------+--------+-----+--------+

Top non-repeatable levels by time:
     D:5: 1228 daAuts
     D:9: 1224 daAuts
   Orc:2: 1152 daAuts
     D:2: 1058 daAuts
     D:4: 1031 daAuts
 Volcano: 1002 daAuts
     D:8: 969 daAuts
     D:3: 929 daAuts
     D:7: 884 daAuts
     D:1: 884 daAuts
     D:6: 782 daAuts
   Orc:1: 632 daAuts
    D:10: 607 daAuts
  Temple: 53 daAuts
